 Dungeon Crawl Stone Soup version 0.26.0-16-gc1dbca0489 (webtiles) character file.

Game seed: 3916713452432018077

322 kaeus the Skirmisher (level 6, 0/49 HPs)
             Began as a Demonspawn Fighter on Jan 20, 2021.
             Killed by divine providence
             ... invoked by an orc priest
              (13 damage)
             ... on level 3 of the Dungeon.
             The game lasted 00:04:34 (2465 turns).

kaeus the Skirmisher (Demonspawn Fighter)           Turns: 2465, Time: 00:04:35

Health: 0/49       AC: 14    Str: 18    XL:     6   Next: 22%
Magic:  6/6        EV:  3    Int: 10    God:
Gold:   214        SH:  9    Dex: 12    Spells: 5/5 levels left

rFire    . . .     SeeInvis .   a - +0 war axe
rCold    . . .     Faith    .   c - +0 kite shield
rNeg     . . .     Spirit   .   l - +0 plate armour
rPois    .         Reflect  .   (no helmet)
rElec    .         Harm     .   q - +2 cloak
rCorr    .         Rampage  .   (no gloves)
Will     .....                  (no boots)
Stlth    ..........             m - amulet of the acrobat
HPRegen  0.16/turn              (no ring)
MPRegen  0.10/turn              (no ring)

@: no status effects
A: claws 1, demonic guardian 1
a: no special abilities


You were on level 3 of the Dungeon.
You visited 1 branch of the dungeon, and saw 3 of its levels.

You collected 214 gold pieces.

Inventory:

Hand Weapons
 a - a +0 war axe (weapon)
Armour
 c - a +0 kite shield (worn)
 l - a +0 plate armour (worn)
 q - a +2 cloak (worn)
Jewellery
 m - an amulet of the acrobat (around neck)
 n - a +4 ring of protection {unknown}
Scrolls
 f - 4 scrolls of remove curse {unknown}
 g - a scroll of blinking {unknown}
 h - 2 scrolls of noise {unknown}
 i - a scroll of teleportation {unknown}
 k - a scroll of magic mapping {unknown}
 p - a scroll of enchant armour {unknown}
Potions
 b - a potion of heal wounds {unknown}
 d - 3 potions of might
 e - a potion of degeneration {unknown}
 j - a potion of invisibility {unknown}
 o - a potion of flight {unknown}


   Skills:
 + Level 4.3 Fighting
 + Level 3.3 Axes
 + Level 3.9 Armour
 + Level 3.9 Shields


You had 5 spell levels left.
You didn't know any spells.
Your spell library was empty.

Dungeon Overview and Level Annotations

Branches:
Dungeon (3/15)

Altars:


Innate Abilities, Weirdness & Mutations

You have sharp fingernails.
A weak demonic guardian rushes to your aid.


Message History

The orc hits your white imp with a cursed -1 flail.
Your white imp dies!
The orc completely misses you.
Items here: )) ††.
You barely miss the orc. You hit the orc but do no damage.
You block the orc's attack.
The orc hits you with a cursed -1 flail.
You hit the orc.
You kill the orc!
You hit the orc but do no damage. You slash the orc priest!
You block the orc priest's attack. You block the orc's attack.
The orc priest calls down the wrath of Beogh upon you.
Pain shoots through your body!
* * * LOW HITPOINT WARNING * * *
You barely miss the orc.
You hit the orc priest but do no damage.
You block the orc's attack.
The orc priest invokes the aid of Beogh against you.
Beogh smites you!
You die...

..##########
#...........# ..#
###.#####.#.# ..# #.#
#.#.#
..################.#
#.#^#
...................#
#...#.#
..##################
##..#.# ..# #..#.#
..#
#############..#.#
###
#.$o@.......)..#.#
#...?.†o#######...#.#
#........ #.#.#.#
#.......## #†#...#
#.......# #.#...#
........# #.##.>#
#####...# #.###.#
#...# #.# #.# #.# #.#


You could see an orc priest and an orc.

Vanquished Creatures
  A hound (D:2)
  An orc wizard (D:3)
  4 adders
  4 gnolls (D:2)
  2 oozes
  2 worms (D:2)
  A dart slug (D:1)
  3 leopard geckos
  8 orcs (D:3)
  7 goblins
  5 hobgoblins
  6 jackals (D:2)
  5 kobolds
  2 quokkas
  A ball python (D:2)
  7 bats
  3 frilled lizards (D:1)
  8 rats
70 creatures vanquished.

Vanquished Creatures (collateral kills)
  Sigmund (D:2)
  An orc (D:3)
  A goblin (D:3)
  A frilled lizard (D:3)
4 creatures vanquished.

Grand Total: 74 creatures vanquished

Notes
Turn   | Place    | Note
-------+----------+-------------------------------------------
     0 | D:1      | kaeus the Demonspawn Fighter began the quest for the Orb.
     0 | D:1      | Reached XP level 1. HP: 18/18 MP: 1/1
   210 | D:1      | Gained mutation: A weak demonic guardian rushes to your
                  | aid. [demonic ancestry]
   210 | D:1      | Reached XP level 2. HP: 24/24 MP: 2/2
   770 | D:1      | Reached XP level 3. HP: 29/29 MP: 3/3
  1109 | D:2      | Reached XP level 4. HP: 20/35 MP: 4/4
  1705 | D:2      | Gained mutation: You have sharp fingernails. [demonic
                  | ancestry]
  1705 | D:2      | Reached XP level 5. HP: 38/42 MP: 5/5
  1808 | D:2      | Noticed Sigmund
  1828 | D:2      | Killed Sigmund
  1829 | D:2      | Reached skill level 4 in Fighting
  2256 | D:3      | Reached XP level 6. HP: 48/48 MP: 6/6
  2465 | D:3      | Killed from afar by an orc priest

Illustrated notes

Levels and vault maps discovered:
D:1:      minmay_arrival_stone_box, layout_loops_ring
D:2:      layout_loops_ring, uniq_sigmund
D:3:      layout_basic, general_overflow_altar

Skill      XL: |  1  2  3  4  5 |
---------------+----------------+-----
Axes           | 2 3 |  3.3
Armour         | 3 |  3.9
Shields        | 3 |  3.9
Fighting       | 4 |  4.3

Action                   |  1- 3 |  4- 6 || total
-------------------------+-------+-------++-------
Melee: War axe           |    93 |   145 ||   238
 Stab: Distracted        |       |     1 ||     1
Armor: Scale mail        |    37 |       ||    37
       Plate armour      |     9 |    86 ||    95
Dodge: Dodged            |    20 |    31 ||    51
Block: Kite shield       |    39 |    79 ||   118
